cohdb
Replays
Latest Replays
All Replays
Popular Replays
Top Player Replays
Match Explorer
How It Works
Community
CoH3 Stats
Reddit
Sign in to upload your games and track your stats! →
Sign in with Steam
Match 44543314
Unlisted
Match 44543314
Overview
Messages
Build Orders
End
Kettenkrad Recon Vehicle
Construct Infanterie Kompanie
Selects Terror Battlegroup
Selects Machine Gun Camouflage
MG 42 Machine Gun Team
MG 42 Machine Gun Team
Grenadier Squad
Infanterie Officer Quarters
Grenadier Squad
MG 42 Bunker
Construct Luftwaffe Kompanie
Jäger Squad
Luftwaffe Officer Quarters
Jäger Squad
Construct Panzergrenadier Kompanie
251 Medium Carrier
Selects Defend the Fatherland
Selects Contempt for the Weak
Support Elements
PacsoSdrogo
Positive Dennis
Genki
israelus222
0
0
Comments
sign in to comment!
No comments posted yet!